 Dungeon Crawl Stone Soup version 0.20-a0-970-gcd8f41e (webtiles) character file.

945 Murumi the Covert (level 8, -8/69 HPs)
             Began as a Naga Assassin on Apr 8, 2017.
             Mangled by an iguana (14 damage)
             ... on level 5 of the Dungeon.
             The game lasted 00:17:42 (3591 turns).

Murumi the Covert (Naga Assassin)                   Turns: 3591, Time: 00:17:42

Health: -8/69      AC:  7    Str: 13    XL:     8   Next: 13%
Magic:  8/8        EV: 16    Int: 13    God:
Gold:   325        SH:  0    Dex: 19    Spells: 7/7 levels left

rFire    + . .     SeeInvis +   a - +3 dagger (flame)
rCold    . . .     Gourm    .   (no shield)
rNeg     . . .     Faith    .   c - +0 robe
rPois    +         Spirit   .   o - +0 hat
rElec    .         Reflect  .   d - +0 cloak
rCorr    +         Harm     .   i - +2 pair of gloves
MR       ++...                  (no barding)
Stlth    ++++++....             (no amulet)
Regen    0.3/turn               t - ring of protection from fire
MPRegen  0.2/turn               x - ring of resist corrosion

@: agile, very slow
A: horns 1, stinger 1, see invisible, deformed body, magic resistance 1, poison
resistance, slowness 2, slow metabolism 1, spit poison 1, wild magic 1, AC +2
a: Spit Poison


You were on level 5 of the Dungeon.
You were very hungry.

You visited 1 branch of the dungeon, and saw 5 of its levels.
You also visited: Ossuary.

You collected 325 gold pieces.

Inventory:

Hand Weapons
 a - a +3 dagger of flaming (weapon)
 b - a +0 blowgun
Missiles
 e - 18 poisoned needles
 f - 2 curare-tipped needles
 h - 116 stones (quivered)
 u - 4 javelins
 y - 8 tomahawks
Armour
 c - a +0 robe (worn)
 d - a +0 cloak (worn)
 i - a +2 pair of gloves (worn)
 o - a +0 hat (worn)
Jewellery
 s - an uncursed ring of wizardry
 t - a ring of protection from fire (left hand)
 x - a ring of resist corrosion (right hand)
Scrolls
 j - 2 scrolls of fog
 k - 6 scrolls of remove curse
 m - a scroll of enchant weapon
 B - 3 scrolls of teleportation
 C - a scroll of brand weapon
Potions
 q - 2 potions of curing
 r - 4 potions of resistance {unknown}
 v - 4 potions of brilliance
 w - 2 potions of heal wounds {unknown}
 z - 2 potions of lignification {unknown}
 A - 2 potions of haste {unknown}
 D - 2 potions of flight {unknown}
Comestibles
 g - 2 bread rations
 l - 4 meat rations
 n - a royal jelly


   Skills:
 - Level 3.2 Fighting
 - Level 3.0 Short Blades
 - Level 3.0 Throwing
 - Level 3.0 Dodging
 + Level 11.9 Stealth


You had 7 spell levels left.
You didn't know any spells.

Dungeon Overview and Level Annotations

Branches:
Dungeon (5/15)
 Temple: D:4-7

Altars:
Kikubaaqudgha
Yredelemnul


Innate Abilities, Weirdness & Mutations

You cannot wear boots.
Your serpentine skin is tough. (AC +2)
You have supernaturally acute eyesight. (SInv)
Armour fits poorly on your strangely shaped body.
Your system is resistant to poisons. (rPois)
You cover ground very slowly.
You have a slow metabolism.
You can spit poison.
You have a pair of small horns on your head.
Your tail ends in a poisonous barb.
You are resistant to hostile enchantments. (MR+)
Your spells are a little harder to cast, but a little more powerful.


Message History

* * * LOW HITPOINT WARNING * * *
The gnoll hits you but does no damage.
The iguana bites you but does no damage.
The gnoll misses you.
Items here: ( ) †† a club; 13 stones; a scorpion corpse; a gnoll corpse You hit the gnoll.
You burn the gnoll.
The gnoll is heavily wounded.
The iguana completely misses you.
You hit the gnoll. You burn the gnoll.
You kill the gnoll!
You hit the iguana. You burn the iguana.
The iguana is lightly wounded.
The iguana bites you!
* * * LOW HITPOINT WARNING * * *
You hit the iguana. You burn the iguana. You headbutt the iguana.
The iguana is severely wounded.
You have got your breath back.
The iguana bites you!
You die...

..## ##
##########..# #.
#...#.#.##..##..
#..#@###.....#
#.)#l##.#..#
##..##.....
##!.#..#######
##......'...#
#..#(#.####'#+#
##
#..##.#.##.'...+
#. #..#
#.#.####...# #.
#..# #.#.# +...+
##


You could see an iguana.

Vanquished Creatures
  The ghost of Murumi the Covert, an amateur NaAs (D:4)
  A phantom (D:5)
  An ice beast (D:5)
  An ogre (D:4)
  An elf zombie (D:5)
  2 scorpions
  A hound (D:5)
  Crazy Yiuf (D:3)
  A human zombie (Ossuary)
  A centaur skeleton (D:4)
  A hound zombie (Ossuary)
  4 mummies (Ossuary)
  6 adders
  3 gnolls (D:5)
  An ooze (D:2)
  An adder zombie (Ossuary)
  6 worms
  A dart slug (D:2)
  2 leopard geckos
  An orc (D:4)
  8 giant cockroaches
  2 gnoll zombies (Ossuary)
  4 goblins
  7 hobgoblins
  6 jackals
  A quokka (D:3)
  A ball python (D:3)
  7 bats
  5 frilled lizards
  A goblin zombie (Ossuary)
  A hobgoblin zombie (Ossuary)
  A jackal zombie (Ossuary)
  11 kobolds
  2 orc zombies
  11 rats
  3 rat zombies (Ossuary)
108 creatures vanquished.

Vanquished Creatures (others)
  A human (D:2)
1 creature vanquished.

Grand Total: 109 creatures vanquished

Notes
Turn   | Place    | Note
-------+----------+-------------------------------------------
     0 | D:1      | Murumi the Naga Assassin began the quest for the Orb.
     0 | D:1      | Reached XP level 1. HP: 19/19 MP: 1/1
    91 | D:1      | Reached skill level 6 in Stealth
   180 | D:1      | Reached skill level 1 in Dodging
   194 | D:1      | Reached XP level 2. HP: 20/26 MP: 2/2
   315 | D:1      | Gained mutation: You have a pair of small horns on your head. [potion of mutation]
   315 | D:1      | Gained mutation: You are agile. (Dex +2) [potion of mutation]
   315 | D:1      | Gained mutation: You are very agile. (Dex +4) [potion of mutation]
   663 | D:2      | Reached XP level 3. HP: 28/32 MP: 3/3
   760 | D:2      | Found an ancient bone altar of Kikubaaqudgha.
   764 | D:2      | Noticed a human
   765 | D:2      | Killed a human
   782 | D:2      | Reached XP level 4. HP: 35/39 MP: 4/4
   800 | D:2      | Reached skill level 7 in Stealth
  1468 | D:3      | Found a faded altar of an unknown god.
  1573 | D:3      | Found a basalt altar of Yredelemnul.
  1584 | D:3      | Reached skill level 8 in Stealth
  1671 | D:3      | Reached XP level 5. HP: 43/45 MP: 5/5
  1974 | D:3      | Found a runed door.
  1978 | D:3      | Noticed Crazy Yiuf
  1982 | D:3      | Killed Crazy Yiuf
  2278 | D:3      | Reached skill level 9 in Stealth
  2406 | D:4      | Reached XP level 6. HP: 52/52 MP: 6/6
  2473 | D:4      | Reached skill level 10 in Stealth
  2478 | D:4      | Noticed Murumi's ghost (amateur NaAs)
  2486 | D:4      | Killed Murumi's ghost
  2486 | D:4      | Reached skill level 11 in Stealth
  2486 | D:4      | Reached XP level 7. HP: 54/60 MP: 7/7
  2987 | D:5      | Entered Level 5 of the Dungeon
  3030 | D:5      | Found a sand-covered staircase.
  3038 | Ossuary  | Entered an ossuary
  3403 | Ossuary  | Lost mutation: You are very agile. (Dex +4) [potion of mutation]
  3403 | Ossuary  | Lost mutation: You are agile. (Dex +2) [potion of mutation]
  3403 | Ossuary  | Lost mutation: You have a pair of small horns on your head. [potion of mutation]
  3403 | Ossuary  | Gained mutation: You are partially covered in iridescent scales. (AC +2) [potion of mutation]
  3403 | Ossuary  | Gained mutation: Your spells are a little harder to cast, but a little more powerful. [potion of mutation]
  3403 | Ossuary  | Gained mutation: You are frail. (-10% HP) [potion of mutation]
  3403 | Ossuary  | Gained mutation: You are resistant to hostile enchantments. (MR+) [potion of mutation]
  3404 | Ossuary  | Lost mutation: You are partially covered in iridescent scales. (AC +2) [potion of mutation]
  3404 | Ossuary  | Lost mutation: You are frail. (-10% HP) [potion of mutation]
  3404 | Ossuary  | Gained mutation: You have a pair of small horns on your head. [potion of mutation]
  3404 | Ossuary  | Gained mutation: Your tail ends in a poisonous barb. [potion of mutation]
  3567 | D:5      | Reached XP level 8. HP: 69/69 MP: 8/8
  3591 | D:5      | Mangled by an iguana

Vault maps used:
D:1:      nagdon_arrival_double_spiral, minmay_split_cup_small
D:2:      first_bread, tgw_kikubaaqudgha
D:3:      chequers_ecumenical_altar_island, lemuel_tele_altar,
          uniq_crazy_yiuf_cottage
D:5:      minmay_diamond_boxcup, nicolae_ossuary_entry_catacombs
Ossuary:  ossuary_minmay_tomb_2a

Skill      XL: |  1  2  3  4  5  6  7 |
---------------+----------------------+-----
Stealth        | 6 8 9 11 | 11.9
Dodging        | 1 3 |  3.0
Throwing       | 2 3 |  3.0
Short Blades   | 3 |  3.0
Fighting       | 3 |  3.2

Action                   |  1- 3 |  4- 6 |  7- 9 || total
-------------------------+-------+-------+-------++-------
Melee: Dagger            |    81 |   141 |   111 ||   333
       Headbutt          |     8 |    28 |    30 ||    66
       Tailslap          |       |       |     4 ||     4
 Abil: Spit Poison       |     6 |     4 |     2 ||    12
  Use: Scroll            |     4 |     5 |     3 ||    12
       Potion            |     1 |     1 |     3 ||     5
 Stab: Sleeping          |     6 |    18 |     6 ||    30
       Distracted        |       |     1 |     2 ||     3
  Eat: Chunk             |       |     5 |       ||     5
       Royal jelly       |       |       |     1 ||     1
Armor: Robe              |    19 |    49 |    50 ||   118
Dodge: Dodged            |    44 |    56 |    71 ||   171
